 Dungeon Crawl Stone Soup version 0.27.0-1-g7a089689b8 (webtiles) character file.

Game seed: 15421728889395548092

91 SnakkuSnakku7 the Cudgeller (level 4, 0/48 HPs)
             Began as an Ogre Delver on Aug 6, 2021.
             Slain by a human zombie (5 damage)
             ... in an ossuary.
             The game lasted 00:02:21 (1168 turns).

SnakkuSnakku7 the Cudgeller (Ogre Delver)           Turns: 1168, Time: 00:02:21

Health: 0/48       AC:  3    Str: 17    XL:     4   Next: 57%
Magic:  4/4        EV:  9    Int: 11    God:
Gold:   17         SH:  0    Dex: 10    Spells: 3/3 levels left

rFire    . . .     SeeInvis .   a - +0 mace
rCold    . . .     Faith    .   (no shield)
rNeg     . . .     Spirit   .   b - +0 robe
rPois    .         Reflect  .   (helmet restricted)
rElec    .         Harm     .   (no cloak)
rCorr    .         Rampage  .   (gloves unavailable)
Will     .....                  (boots unavailable)
Stlth    ++........             (no amulet)
HPRegen  0.16/turn              (no ring)
MPRegen  0.09/turn              (no ring)

@: marked
A: large, unfitting armour, tough skin 1
a: no special abilities


You were in an ossuary.
You visited 1 branch of the dungeon, and saw 3 of its levels.
You also visited: Ossuary.

You collected 17 gold pieces.

Inventory:

Hand Weapons
 a - a +0 mace (weapon)
Armour
 b - a +0 robe (worn)
Wands
 g - a wand of digging (1)
Scrolls
 c - a scroll of fog


   Skills:
 - Level 4.0 Fighting
 + Level 4.2 Maces & Flails
 - Level 1.7 Dodging
 - Level 3.7 Stealth


You had 3 spell levels left.
You didn't know any spells.
Your spell library was empty.

Dungeon Overview and Level Annotations

Branches:
Dungeon (5/15)             Temple (0/1) D:5         Ossuary (1/1)

Altars:
Gozag

Annotations:
D:5 exclusion: oklob sapling, Eustachio


Innate Abilities, Weirdness & Mutations

You are too large for most types of armour.
You have tough skin. (AC +1)


Message History

The centaur zombie kicks you but does no damage.
The centaur zombie barely misses you. The centaur zombie kicks you.
You hit the centaur zombie.
The centaur zombie is almost destroyed.
The centaur zombie hits you.
* * * LOW HITPOINT WARNING * * *
The centaur zombie kicks you but does no damage.
Okay, then.
You hit the centaur zombie but do no damage.
The centaur zombie is almost destroyed.
The centaur zombie hits you but does no damage.
The centaur zombie barely misses you.
The centaur zombie hits you but does no damage.
The centaur zombie misses you.
You hit the centaur zombie.
The centaur zombie is almost destroyed.
The centaur zombie hits you.
* * * LOW HITPOINT WARNING * * *
The centaur zombie kicks you but does no damage.
The centaur zombie hits you.
* * * LOW HITPOINT WARNING * * *
The centaur zombie barely misses you.
You hit the centaur zombie.
You destroy the centaur zombie!
Your Maces & Flails skill increases to level 4!
You hit the human zombie.
The human zombie is lightly damaged.
The human zombie hits you.
* * * LOW HITPOINT WARNING * * *
You closely miss the human zombie.
The human zombie is lightly damaged.
The human zombie closely misses you.
You closely miss the human zombie.
The human zombie is lightly damaged.
The human zombie hits you.
* * * LOW HITPOINT WARNING * * *
You hit the human zombie.
The human zombie is lightly damaged.
The human zombie hits you.
You die...

######################
#...Z..Z.Z∩∩.Z.......#
#...Z.Z.Z....M..Z.ZZ.#
#...##############ZZ.#
#...# #...#@ZZZ#...#
#...# #...####Z#Z..#
#...####+..ZZZZ..#MZ.#
#...#.....∩.######Z.Z#
#...#.......# #Z..#
#..Z#.......# #ZZ.#
#..Z#.....Z.####.#...#
#...#............#M..#
#...#.####Z.####.#...#


You could see a jackal zombie, 2 kobold zombies and a human zombie.

Vanquished Creatures
  2 centaur zombies (Ossuary)
  A worm (D:3)
  An orc (D:3)
  An endoplasm (D:4)
  2 giant cockroaches
  A goblin (D:4)
  3 hobgoblin zombies (Ossuary)
  A jackal zombie (Ossuary)
  13 kobold zombies (Ossuary)
  6 orc zombies (Ossuary)
31 creatures vanquished.

Notes
Turn   | Place    | Note
-------+----------+-------------------------------------------
     0 | D:5      | SnakkuSnakku7 the Ogre Delver began the quest for the Orb.
     0 | D:5      | Reached XP level 1. HP: 24/24 MP: 1/1
     1 | D:5      | Found a staircase to the Ecumenical Temple.
     1 | D:5      | Noticed an oklob sapling
     3 | D:5      | Noticed an ogre
     8 | D:5      | Noticed a sky beast
    18 | D:5      | Noticed an iguana
    35 | D:5      | Noticed an orc wizard
    42 | D:5      | Noticed Eustachio
   112 | D:4      | Found an opulent altar of Gozag.
   184 | D:4      | Noticed an orc wizard
   193 | D:4      | Found a sand-covered staircase.
   197 | D:4      | HP: 1/24 [poisoned by an adder]
   497 | D:3      | Reached XP level 2. HP: 19/32 MP: 2/2
   802 | Ossuary  | Entered an ossuary
  1016 | Ossuary  | Reached XP level 3. HP: 38/39 MP: 3/3
  1087 | Ossuary  | Reached XP level 4. HP: 17/48 MP: 4/4
  1168 | Ossuary  | Slain by a human zombie

Illustrated notes

Levels and vault maps discovered:
D:3:      layout_basic, uniq_natasha, uniq_terence
D:4:      kennysheep_six_static_rooms, layout_gridville, lemuel_doored_altar,
          chequers_ossuary_entry_cave, uniq_pikel
D:5:      layout_rooms, minmay_temple_entry_oklob, uniq_edmund, uniq_eustachio,
          uniq_prince_ribbit1
Ossuary:  ossuary_tomb_1

Skill      XL: |  1  2  3  4 |
---------------+-------------+-----
Maces & Flails | 2 3 4 |  4.2
Fighting       | |  4.0
Dodging        | |  1.7
Stealth        | |  3.7

Action                   |  1- 3 |  4- 6 || total
-------------------------+-------+-------++-------
Melee: Mace              |    96 |    23 ||   119
Evoke: Wand              |     2 |       ||     2
  Use: Scroll            |     2 |       ||     2
       Potion            |     1 |       ||     1
 Stab: Sleeping          |     1 |       ||     1
Armor: Robe              |    49 |    20 ||    69
Dodge: Dodged            |    68 |    16 ||    84
